 Dungeon Crawl Stone Soup version 0.20-a0-1122-gb7cbeb9 (webtiles) character file.

3938 mopl the Fighter (level 10, -9/124 HPs)
             Began as a Gnoll Berserker on May 11, 2017.
             Was an Elder of Trog.
             Killed from afar by Joseph (19 damage)
             ... with a wand of lightning (?/15)
             ... on level 8 of the Dungeon.
             The game lasted 00:11:37 (7465 turns).

mopl the Fighter (Gnoll Berserker)                  Turns: 7465, Time: 00:11:37

Health: -9/124     AC: 15    Str: 23    XL:     10   Next: 21%
Magic:  14/14      EV: 14    Int: 11    God:    Trog [****..]
Gold:   161        SH:  2    Dex: 20    Spells: 9/9 levels left

rFire    . . .     SeeInvis .   a - +3 quarterstaff (chaos)
rCold    . . .     Gourm    .   (shield currently unavailable)
rNeg     . . .     Faith    .   O - +0 chain mail
rPois    .         Spirit   .   K - +2 helmet {Int+3}
rElec    .         Reflect  +   r - +0 cloak
rCorr    .         Harm     .   (no gloves)
MR       .....                  (no boots)
Stlth    ..........             e - +2 amulet of reflection
Regen    0.3/turn               Q - +5 ring of dexterity
MPRegen  0.2/turn               (no ring)

@: berserking, very quick
A: short attention span, fangs 1, strong nose
a: Berserk, Trog's Hand, Brothers in Arms, Burn Spellbooks, Renounce Religion


You were on level 8 of the Dungeon.
You worshipped Trog.
Trog was greatly pleased with you.
You were near starving.

You visited 1 branch of the dungeon, and saw 8 of its levels.

You collected 348 gold pieces.
You spent 187 gold pieces at shops.

Inventory:

Hand Weapons
 a - a +3 quarterstaff of chaos (weapon)
Missiles
 d - 341 stones (quivered)
 w - 57 poisoned needles
 y - 8 poisoned javelins
 J - 7 tomahawks
Armour
 r - a +0 cloak (worn)
 I - the +2 robe of the Prince of Darkness {rF++ MR- Regen+ SInv}
   (You found it on level 5 of the Dungeon)

   It greatly protects you from fire.
   It affects your resistance to hostile enchantments.
   It lets you see invisible.
   It increases your rate of regeneration.
 K - a +2 helmet of intelligence (worn)
 O - a +0 chain mail (worn)
Jewellery
 e - a +2 amulet of reflection (around neck)
 Q - a +5 ring of dexterity (left hand)
Wands
 E - a wand of lightning (6/15)
 G - a wand of random effects (30/48)
 M - a wand of iceblast (10/15)
 N - a wand of paralysis (11/24)
Scrolls
 g - 4 scrolls of blinking
 i - 3 scrolls of teleportation
 k - 6 scrolls of remove curse
 m - 4 scrolls of identify {unknown}
 n - 3 scrolls of enchant armour {unknown}
 p - a scroll of silence {unknown}
 s - 3 scrolls of enchant weapon {unknown}
 t - a scroll of recharging {unknown}
 B - a scroll of fog {unknown}
 D - 2 scrolls of noise {unknown}
 L - a scroll of immolation {unknown}
Potions
 b - 4 potions of curing
 h - a potion of heal wounds {unknown}
 j - a potion of resistance {unknown}
 l - a potion of haste {unknown}
 o - a potion of experience {unknown}
 u - a potion of lignification {unknown}
 v - a potion of brilliance {unknown}
 A - a potion of flight {unknown}
 C - a potion of cancellation {unknown}
 F - a potion of invisibility {unknown}
Books
 z - Sif Muna's Almanac of Protection
   (You found it on level 8 of the Dungeon)

   Spells                             Type                      Level
   a - Infusion                       Charms                       1
   Trog disapproves of the use of such an item.
 P - a book of Necromancy

   Spells                             Type                      Level
   a - Pain                           Necromancy                   1
   b - Animate Skeleton               Necromancy                   1
   c - Vampiric Draining              Necromancy                   3
   d - Regeneration                   Charms/Necromancy            3
   e - Animate Dead                   Necromancy                   4
   f - Control Undead                 Necromancy                   4
   Trog disapproves of the use of such an item.
 R - a book of Cantrips

   Spells                             Type                      Level
   a - Confusing Touch                Hexes                        1
   b - Animate Skeleton               Necromancy                   1
   c - Summon Small Mammal            Summoning                    1
   d - Apportation                    Translocation                1
   Trog disapproves of the use of such an item.
Comestibles
 c - 4 bread rations
 f - 3 royal jellies
 x - 5 meat rations
 H - a fruit


   Skills:
 + Level 9.0 Fighting
   Level 4.8(6.1) Maces & Flails
 * Level 5.9(6.5) Staves
 + Level 8.4 Throwing
 + Level 8.6 Armour
 + Level 8.6 Dodging
 + Level 6.6 Evocations


You had 9 spell levels left.
You didn't know any spells.

Dungeon Overview and Level Annotations

Branches:
Dungeon (8/15)             Temple (0/1) D:7            Lair (0/6) D:8

Altars:
Ashenzari
Fedhas
Hepliaklqana
Kikubaaqudgha
Makhleb
Nemelex Xobeh
Okawaru
Qazlal
Sif Muna
Trog
Vehumet
Zin
The Shining One

Shops:
D:6 [

Annotations:
D:8 Joseph
Abyss:1 Blork the orc


Innate Abilities, Weirdness & Mutations

You have a short attention span.
You have very sharp teeth.
Your uncanny sense of smell can sniff out nearby items.


Message History

Your chain mail prevents you from hitting Joseph.
Your bite misses Joseph.
Joseph is heavily wounded.
Joseph hits you but does no damage.
You hit Joseph.
Joseph seems to speed up.
Joseph is heavily wounded.
Joseph hits you with an uncursed quarterstaff of protection.
* * * LOW HITPOINT WARNING * * *
You closely miss Joseph. You bite Joseph.
Joseph is heavily wounded.
Joseph hits you with an uncursed quarterstaff of protection.
* * * LOW HITPOINT WARNING * * *
You sock Joseph! You freeze Joseph.
Joseph is severely wounded.
Joseph hits you with an uncursed quarterstaff of protection.
* * * LOW HITPOINT WARNING * * *
You barely miss Joseph.
Joseph is severely wounded.
Joseph zaps a wand.
The bolt of lightning hits you!
You die...

#
#...........##.##.#
..
#.##.#..######.##..
... #.##.#..#
#.##.. ....
#.##.#..### #.....
.....###.##......#
#.....
#......#.##...<..#
#.....
#...........#
##.#.#
####@##.##..# #.#.#
#@##.....# #.)..
#(#####>########..
#.# #..........#
#># ############
#.# ####.# ## ##
###...(# #. .#
#.###### #. .# #.#
#.


You could see Joseph.

Vanquished Creatures
  Pikel (D:4)
  Prince Ribbit (D:5)
  Sigmund (D:2)
  A hungry ghost (D:7)
  Menkaure (D:4)
  Duvessa (D:6)
  A hornet zombie (D:7)
  2 slaves (D:4)
  An ice beast (D:5)
  A phantom (D:8)
  A necrophage (D:6)
  2 ogres
  2 centaurs
  A crocodile (D:8)
  2 bullfrogs
  Dowan (D:6)
  A scorpion (D:6)
  A water moccasin skeleton (D:5)
  3 crimson imps
  2 howler monkeys
  A bullfrog zombie (D:5)
  A gnoll shaman (D:4)
  2 jellies
  Crazy Yiuf (D:2)
  An orc priest (D:5)
  5 hounds
  2 iguanas
  5 orc wizards
  Ijyb (D:5)
  A centaur skeleton (D:7)
  8 worker ants
  2 hound zombies (D:8)
  A hound skeleton (D:6)
  4 howler monkey zombies
  2 worker ant zombies (D:7)
  Robin (D:2)
  12 gnolls
  A howler monkey skeleton (D:7)
  9 adders
  A shadow imp (D:8)
  An ooze (D:2)
  An adder skeleton (D:5)
  3 worms
  3 dart slugs
  6 leopard geckos
  20 orcs
  5 bats (D:1)
  7 giant cockroaches
  15 goblins
  7 hobgoblins
  3 jackals (D:4)
  2 quokkas (D:5)
  4 frilled lizards
  3 kobolds
  A leopard gecko skeleton (D:4)
  3 quokka skeletons
  A quokka zombie (D:8)
  5 rats
178 creatures vanquished.

Vanquished Creatures (collateral kills)
  A two-headed ogre (D:8)
  3 orcs (D:8)
4 creatures vanquished.

Vanquished Creatures (others)
  2 slaves (D:4)
  An orc (D:6)
  4 jackals (D:4)
7 creatures vanquished.

Grand Total: 189 creatures vanquished

Notes
Turn   | Place    | Note
-------+----------+-------------------------------------------
     0 | D:1      | mopl the Gnoll Berserker began the quest for the Orb.
     0 | D:1      | Reached XP level 1. HP: 20/20 MP: 1/1
   112 | D:1      | Reached skill level 5 in Fighting
   182 | D:1      | Reached XP level 2. HP: 22/27 MP: 2/2
   205 | D:1      | Reached skill level 1 in Throwing
   231 | D:1      | Reached skill level 4 in Dodging
   641 | D:1      | Reached XP level 3. HP: 19/33 MP: 3/3
   884 | D:2      | Reached ** piety under Trog
   886 | D:2      | Reached skill level 4 in Armour
   961 | D:2      | Noticed Robin
   972 | D:2      | Killed Robin
   972 | D:2      | Reached skill level 2 in Throwing
   976 | D:2      | Reached XP level 4. HP: 40/40 MP: 4/4
  1004 | D:2      | Found a runed door.
  1012 | D:2      | Noticed Crazy Yiuf
  1017 | D:2      | Killed Crazy Yiuf
  1017 | D:2      | Reached skill level 6 in Fighting
  1209 | D:2      | Noticed Sigmund
  1210 | D:2      | Found a stormy altar of Qazlal.
  1214 | D:2      | Killed Sigmund
  1214 | D:2      | Reached skill level 4 in Throwing
  1214 | D:2      | Reached skill level 5 in Armour
  1214 | D:2      | Reached skill level 5 in Dodging
  1214 | D:2      | Reached XP level 5. HP: 47/47 MP: 5/5
  1214 | D:2      | Reached XP level 6. HP: 53/53 MP: 6/6
  1764 | D:3      | Found a glowing silver altar of Zin.
  1799 | D:3      | Reached skill level 6 in Dodging
  1891 | D:3      | Found a blossoming altar of Fedhas.
  2224 | D:4      | Noticed a slave
  2224 | D:4      | Noticed a slave
  2227 | D:4      | Noticed Pikel
  2228 | D:4      | Noticed a slave
  2231 | D:4      | Noticed a slave
  2232 | D:4      | Killed a slave
  2237 | D:4      | Killed a slave
  2242 | D:4      | Killed Pikel
  2242 | D:4      | Reached skill level 7 in Fighting
  2242 | D:4      | Reached skill level 6 in Throwing
  2242 | D:4      | Reached skill level 6 in Armour
  2242 | D:4      | Reached skill level 7 in Dodging
  2242 | D:4      | Reached XP level 7. HP: 60/60 MP: 7/7
  2293 | D:4      | Noticed Menkaure
  2299 | D:4      | Killed Menkaure
  2299 | D:4      | Reached skill level 7 in Armour
  2299 | D:4      | Reached XP level 8. HP: 68/68 MP: 8/8
  2655 | D:4      | Reached *** piety under Trog
  2789 | D:4      | Noticed Blork the orc
  2874 | D:4      | Reached skill level 8 in Fighting
  2874 | D:4      | Reached skill level 1 in Evocations
  3243 | D:4      | Banished Blork the orc
  3682 | D:5      | Entered Level 5 of the Dungeon
  3790 | D:5      | Reached skill level 2 in Evocations
  3851 | D:5      | Found a sparkling altar of Nemelex Xobeh.
  3948 | D:5      | Reached skill level 7 in Throwing
  3970 | D:5      | Noticed Ijyb
  3982 | D:5      | Killed Ijyb
  4139 | D:5      | Got a steaming robe
  4150 | D:5      | Identified the +2 robe of the Prince of Darkness {rF++ MR- Regen+ SInv} (You found it on level 5 of the Dungeon)
  4161 | D:5      | Reached skill level 3 in Evocations
  4494 | D:5      | Noticed Prince Ribbit
  4526 | D:5      | Killed Prince Ribbit
  4526 | D:5      | Reached skill level 4 in Evocations
  4526 | D:5      | Reached XP level 9. HP: 69/75 MP: 10/12
  4580 | D:5      | Reached skill level 8 in Dodging
  4945 | D:6      | Found a hazy altar of Hepliaklqana.
  4997 | D:6      | Reached skill level 8 in Armour
  5006 | D:6      | Found a burning altar of Makhleb.
  5063 | D:6      | Reached skill level 5 in Evocations
  5501 | D:6      | Found Cudiegamn's Antique Armour Emporium.
  5507 | D:6      | Bought a runed helmet for 187 gold pieces
  5583 | D:6      | Noticed Duvessa
  5584 | D:6      | Noticed Dowan
  5598 | D:6      | Killed Duvessa
  5609 | D:6      | Killed Dowan
  5609 | D:6      | Reached **** piety under Trog
  5988 | D:6      | Found a shattered altar of Ashenzari.
  6215 | D:6      | Received a gift from Trog
  6232 | D:6      | Reached skill level 8 in Throwing
  6271 | D:7      | Reached skill level 1 in Staves
  6325 | D:7      | Found a glowing golden altar of the Shining One.
  6362 | D:7      | Found an iron altar of Okawaru.
  6363 | D:7      | Found a bloodstained altar of Trog.
  6441 | D:7      | Reached skill level 2 in Staves
  6516 | D:7      | Reached skill level 3 in Staves
  6614 | D:7      | Found a staircase to the Ecumenical Temple.
  6630 | D:7      | Reached skill level 6 in Evocations
  6721 | D:7      | Reached skill level 4 in Staves
  6965 | D:8      | Noticed Joseph
  6991 | D:8      | Noticed a two-headed ogre
  7001 | D:8      | Killed a two-headed ogre
  7001 | D:8      | Reached skill level 5 in Staves
  7001 | D:8      | Reached XP level 10. HP: 49/82 MP: 14/14
  7194 | D:8      | Found a radiant altar of Vehumet.
  7232 | D:8      | Found a staircase to the Lair.
  7266 | D:8      | Found an ancient bone altar of Kikubaaqudgha.
  7271 | D:8      | Found a radiant altar of Vehumet.
  7273 | D:8      | Found a deep blue altar of Sif Muna.
  7279 | D:8      | Identified Sif Muna's Almanac of Protection
  7319 | D:8      | Reached skill level 9 in Fighting
  7465 | D:8      | Killed from afar by Joseph

Vault maps used:
D:1:      dpeg_arrival_water_temple_mockup
D:2:      nicolae_qazlal_general_emergency, uniq_sigmund, uniq_robin,
          uniq_crazy_yiuf_cottage
D:3:      fedhas_altar_4, overflow_temple_1_default, first_bread
D:4:      hangedman_decor_diamond_cutter, uniq_pikel, uniq_menkaure,
          uniq_blork_the_orc
D:5:      nemelex_altar_shiori, uniq_prince_ribbit1, uniq_ijyb
D:6:      ashenzari_conservatory_becter, makhleb_blood_cavern_becter,
          lemuel_coloured_pillars_altar, serial_shops, shop_fountains,
          uniq_duvessa
D:7:      grunt_temple_overflow_bloody_war, nicolae_overflow_crystal_walls,
          minmay_temple_entry_large_hall
D:8:      minmay_opposing_rooms, grunt_temple_overflow_magic_moments,
          lair_entry_dummy, basic_altar, uniq_joseph

Skill      XL: |  1  2  3  4  5  6  7  8  9 10 |
---------------+-------------------------------+-----
Fighting       | 5 6 7 8 9 |  9.0
Throwing       | 1 2 4 6 7 8 |  8.4
Dodging        | 4 5 7 8 |  8.6
Armour         | 4 5 6 7 8 |  8.6
Evocations     | 4 6 |  6.6
Staves         | 5 |  5.9
Maces & Flails | |  4.8

Action                   |  1- 3 |  4- 6 |  7- 9 | 10-12 || total
-------------------------+-------+-------+-------+-------++-------
Melee: Mace              |    88 |     3 |       |       ||    91
       Bite              |     5 |     7 |    44 |     8 ||    64
       Quarterstaff      |       |    77 |   376 |    63 ||   516
Invok: Berserk           |     2 |     3 |     4 |     1 ||    10
       Brothers in Arms  |       |       |     1 |       ||     1
  Use: Scroll            |       |     3 |     1 |       ||     4
       Potion            |       |       |     3 |       ||     3
 Stab: Petrified         |       |       |     2 |       ||     2
       Petrifying        |       |       |     1 |       ||     1
       Paralysed         |       |       |     1 |     3 ||     4
       Confused          |       |       |       |     3 ||     3
  Eat: Chunk             |     1 |     7 |    21 |     1 ||    30
       Fruit             |       |       |     3 |       ||     3
Armor: Animal skin       |    15 |     3 |       |       ||    18
       Scale mail        |       |    26 |   102 |       ||   128
       Skin              |       |       |     6 |       ||     6
       Chain mail        |       |       |    21 |    19 ||    40
Dodge: Dodged            |    58 |    60 |   225 |    28 ||   371
Block: Other             |       |     2 |    21 |     7 ||    30
       Reflection        |       |       |     2 |       ||     2
